TOP OF THE 1ST |
St. Louis Browns batting - Pitching for Austin River Sharks : RHP Armando Pérez
|
Pitching: RHP Armando Pérez
|
|
Batting: LHB Clinton Clark
|
0-0: Ball 1-0: Swinging Strike 1-1: Ball 2-1: SINGLE (Flyball, 7S) - OUT at second base trying to stretch hit.
|
Batting: LHB Bob Ware
|
0-0: Called Strike 0-1: Ball 1-1: Ball 2-1: Foul Ball, location: 2F 2-2: Foul Ball, location: 2F 2-2: Strikes out swinging
|
Batting: LHB Mike Hill
|
0-0: Ground out 3-1 (Groundball, 34)
|
Top of the 1st over - 0 run(s), 1 hit(s), 0 error(s), 0 left on base; St. Louis 0 - Austin 0 |
BOTTOM OF THE 1ST |
Austin River Sharks batting - Pitching for St. Louis Browns : RHP Aaron Palmer
|
Pitching: RHP Aaron Palmer
|
|
Batting: LHB Enrico Vargas
|
0-0: Ball 1-0: Ground out 4-3 (Groundball, 4)
|
Batting: RHB Richard Coker
|
0-0: Called Strike 0-1: Ball 1-1: SINGLE (Groundball, 34D)
|
Batting: LHB Greg Nelson
|
0-0: Ball 1-0: Foul Ball, location: 2F 1-1: Called Strike 1-2: Ball 2-2: Fly out, F8 (Flyball, 8RD)
|
Batting: RHB Pedro Guzmán
|
0-0: Called Strike 0-1: Ball 1-1: Swinging Strike 1-2: SINGLE (Groundball, 4MD) Richard Coker to second
|
Batting: LHB Harry Pitts
|
0-0: Called Strike 0-1: Swinging Strike 0-2: Ball 1-2: SINGLE (Groundball, 34D) Richard Coker to third Pedro Guzmán to second Runner from 3rd tries for Home, SAFE, throw made home
|
Batting: RHB Manny Copriviza
|
0-0: Swinging Strike 0-1: Foul Ball, location: 2F 0-2: Ground out 1-3 (Groundball, P)
|
Bottom of the 1st over - 1 run(s), 3 hit(s), 0 error(s), 2 left on base; St. Louis 0 - Austin 1 |
TOP OF THE 2ND |
St. Louis Browns batting - Pitching for Austin River Sharks : RHP Armando Pérez
|
Batting: RHB Jeff Jones
|
0-0: Called Strike 0-1: Ball 1-1: Ball 2-1: Called Strike 2-2: Ground out 4-3 (Groundball, 4)
|
Batting: LHB Jorge Torres
|
0-0: Called Strike 0-1: Ball 1-1: Fly out, F8 (Flyball, 8RD)
|
Batting: RHB Domingo Romero
|
0-0: Foul Ball, location: 2F 0-1: Ball 1-1: Ball 2-1: Ball 3-1: Foul Ball, location: 2F 3-2: Base on Balls
|
Batting: RHB Anthony Rucker
|
0-0: Ball 1-0: Foul Ball, location: 2F 1-1: Ball 2-1: Ball 3-1: SINGLE (Groundball, 5L) (infield hit) Domingo Romero to second
|
Batting: LHB Dave Watson
|
0-0: Ball 1-0: Ball 2-0: Called Strike 2-1: Ball 3-1: Foul Ball, location: 2F 3-2: Ground out 1-3 (Groundball, 13S)
|
Top of the 2nd over - 0 run(s), 1 hit(s), 0 error(s), 2 left on base; St. Louis 0 - Austin 1 |
BOTTOM OF THE 2ND |
Austin River Sharks batting - Pitching for St. Louis Browns : RHP Aaron Palmer
|
Batting: LHB José Liñares
|
0-0: Swinging Strike 0-1: Ball 1-1: Ball 2-1: Fly out, F9 (Flyball, 9D)
|
Batting: RHB Eric Neal
|
0-0: Ground out 6-3 (Groundball, 6D)
|
Batting: RHB Teddy Bates
|
0-0: Swinging Strike 0-1: Called Strike 0-2: Ball 1-2: Foul Ball, location: 2F 1-2: Foul Ball, location: 2F 1-2: Foul Ball, location: 2F 1-2: Ball 2-2: Strikes out swinging
|
Bottom of the 2nd over - 0 run(s), 0 hit(s), 0 error(s), 0 left on base; St. Louis 0 - Austin 1 |
TOP OF THE 3RD |
St. Louis Browns batting - Pitching for Austin River Sharks : RHP Armando Pérez
|
Batting: LHB Bill Murphy
|
0-0: DOUBLE (Flyball, 78D)
|
Batting: LHB Clinton Clark
|
0-0: Ground out 3-1 (Groundball, 34S) Bill Murphy to third
|
Batting: LHB Bob Ware
|
0-0: Called Strike 0-1: Fly out, F5 (Line Drive, 5L) Lined into DP, U5 (Line Drive, 5L)
|
Top of the 3rd over - 0 run(s), 1 hit(s), 0 error(s), 0 left on base; St. Louis 0 - Austin 1 |
BOTTOM OF THE 3RD |
Austin River Sharks batting - Pitching for St. Louis Browns : RHP Aaron Palmer
|
Batting: LHB Enrico Vargas
|
0-0: Ball 1-0: Ball 2-0: Ground out U3 (Groundball, 3L)
|
Batting: RHB Richard Coker
|
0-0: Ball 1-0: Foul Ball, location: 2F 1-1: Foul Ball, location: 2F 1-2: Strikes out swinging
|
Batting: LHB Greg Nelson
|
0-0: Ground out 4-3 (Groundball, 4)
|
Bottom of the 3rd over - 0 run(s), 0 hit(s), 0 error(s), 0 left on base; St. Louis 0 - Austin 1 |
TOP OF THE 4TH |
St. Louis Browns batting - Pitching for Austin River Sharks : RHP Armando Pérez
|
Batting: LHB Mike Hill
|
0-0: Swinging Strike 0-1: Hit by Pitch
|
Batting: RHB Jeff Jones
|
0-0: Ball 1-0: Ball 2-0: Foul Ball, location: 2F 2-1: Ball 3-1: Ground out 4-3 (Groundball, 34) Mike Hill to second
|
Batting: LHB Jorge Torres
|
0-0: Foul Ball, location: 2F 0-1: SINGLE (Groundball, 6MD) Mike Hill to third
|
Batting: RHB Domingo Romero
|
0-0: Ball 1-0: Ball 2-0: Ball 3-0: Base on Balls Jorge Torres to second
|
Batting: RHB Anthony Rucker
|
0-0: Ball 1-0: SINGLE (Line Drive, 3) Mike Hill scores Jorge Torres to third Domingo Romero to second
|
Batting: LHB Dave Watson
|
0-0: Called Strike 0-1: Foul Ball, location: 2F 0-2: SINGLE (Groundball, 34D) Jorge Torres scores Domingo Romero to third Anthony Rucker to second Runner from 3rd tries for Home, SAFE, throw made home
|
Batting: LHB Bill Murphy
|
0-0: Ball 1-0: Called Strike 1-1: Ball 2-1: Foul Ball, location: 2F 2-2: Strikes out swinging
|
Batting: LHB Clinton Clark
|
0-0: Ball 1-0: Ball 2-0: Called Strike 2-1: SINGLE (Line Drive, 6D) Anthony Rucker to third Dave Watson to second Runner from 3rd tries for Home, SAFE, no throw
|
Batting: LHB Bob Ware
|
0-0: Ball 1-0: SINGLE (Flyball, 7S) Dave Watson to third Clinton Clark to second Runner from 3rd tries for Home, SAFE, throw made at trailing runner, SAFE at third!
|
Batting: LHB Mike Hill
|
0-0: Ball 1-0: Called Strike 1-1: Ball 2-1: Called Strike 2-2: Foul Ball, location: 2F 2-2: Ball 3-2: DOUBLE (Groundball, 5L) Clinton Clark scores Bob Ware to third Bob Ware scores
|
Pitching: RHP William Bryan
|
|
Batting: RHB Jeff Jones
|
0-0: Ball 1-0: Ball 2-0: Called Strike 2-1: Called Strike 2-2: Foul Ball, location: 2F 2-2: Strikes out swinging
|
Top of the 4th over - 7 run(s), 6 hit(s), 0 error(s), 1 left on base; St. Louis 7 - Austin 1 |
BOTTOM OF THE 4TH |
Austin River Sharks batting - Pitching for St. Louis Browns : RHP Aaron Palmer
|
Batting: RHB Pedro Guzmán
|
0-0: SINGLE (Line Drive, 6MD)
|
Batting: LHB Harry Pitts
|
0-0: Called Strike 0-1: Foul Ball, location: 2F 0-2: Ball 1-2: Foul Ball, location: 2F 1-2: Strikes out swinging
|
Batting: RHB Manny Copriviza
|
0-0: Ball 1-0: Grounds into double play, 6-4-3 (Groundball, 6)
|
Bottom of the 4th over - 0 run(s), 1 hit(s), 0 error(s), 0 left on base; St. Louis 7 - Austin 1 |
TOP OF THE 5TH |
St. Louis Browns batting - Pitching for Austin River Sharks : RHP William Bryan
|
Batting: LHB Jorge Torres
|
0-0: Swinging Strike 0-1: Fly out, F8 (Flyball, 8LM)
|
Batting: RHB Domingo Romero
|
0-0: Foul Ball, location: 2F 0-1: Ball 1-1: Foul Ball, location: 2F 1-2: Foul Ball, location: 2F 1-2: Fly out, F8 (Line Drive, 8LD)
|
Batting: RHB Anthony Rucker
|
0-0: Called Strike 0-1: Ball 1-1: Ball 2-1: Foul Ball, location: 2F 2-2: Ground out 5-3 (Groundball, 56)
|
Top of the 5th over - 0 run(s), 0 hit(s), 0 error(s), 0 left on base; St. Louis 7 - Austin 1 |
BOTTOM OF THE 5TH |
Austin River Sharks batting - Pitching for St. Louis Browns : RHP Aaron Palmer
|
Batting: LHB José Liñares
|
0-0: Ball 1-0: Ground out 1-3 (Groundball, P)
|
Batting: RHB Eric Neal
|
0-0: Swinging Strike 0-1: Swinging Strike 0-2: Ball 1-2: Fly out, F7 (Line Drive, 78M)
|
Batting: RHB Teddy Bates
|
0-0: Ball 1-0: Ball 2-0: Ball 3-0: Base on Balls
|
Batting: LHB Enrico Vargas
|
0-0: Ball 1-0: Swinging Strike 1-1: Foul Ball, location: 2F 1-2: Ground out U3 (Groundball, 3L)
|
Bottom of the 5th over - 0 run(s), 0 hit(s), 0 error(s), 1 left on base; St. Louis 7 - Austin 1 |
TOP OF THE 6TH |
St. Louis Browns batting - Pitching for Austin River Sharks : RHP William Bryan
|
Batting: LHB Dave Watson
|
0-0: Ball 1-0: Foul Ball, location: 2F 1-1: Ball 2-1: SINGLE (Groundball, 34D)
|
Batting: LHB Bill Murphy
|
0-0: SINGLE (Line Drive, 89S) Dave Watson to second Runner from 2nd tries for 3rd, SAFE, throw made to third
|
Batting: LHB Clinton Clark
|
0-0: Swinging Strike 0-1: Ball 1-1: Ball 2-1: Called Strike 2-2: Grounds into double play, 4-6-3 (Groundball, 4) Dave Watson scores
|
Batting: LHB Bob Ware
|
0-0: Called Strike 0-1: Called Strike 0-2: Strikes out swinging
|
Top of the 6th over - 1 run(s), 2 hit(s), 0 error(s), 0 left on base; St. Louis 8 - Austin 1 |
BOTTOM OF THE 6TH |
Austin River Sharks batting - Pitching for St. Louis Browns : RHP Aaron Palmer
|
Batting: RHB Richard Coker
|
0-0: Ball 1-0: Foul Ball, location: 2F 1-1: Foul Ball, location: 2F 1-2: Ball 2-2: Strikes out swinging
|
Batting: LHB Greg Nelson
|
0-0: Called Strike 0-1: Ground out 4-3 (Groundball, 4)
|
Batting: RHB Pedro Guzmán
|
0-0: Called Strike 0-1: Foul Ball, location: 2F 0-2: Fly out, F4 (Popup, 34S)
|
Bottom of the 6th over - 0 run(s), 0 hit(s), 0 error(s), 0 left on base; St. Louis 8 - Austin 1 |
TOP OF THE 7TH |
St. Louis Browns batting - Pitching for Austin River Sharks : RHP William Bryan
|
Batting: LHB Mike Hill
|
0-0: Foul Ball, location: 2F 0-1: Foul Ball, location: 2F 0-2: Ball 1-2: Foul Ball, location: 2F 1-2: Ball 2-2: SOLO HOME RUN (Flyball, 89D), Distance : 377 ft
|
Batting: RHB Jeff Jones
|
0-0: Ball 1-0: SINGLE (Line Drive, 6M)
|
Batting: LHB Jorge Torres
|
0-0: Foul Ball, location: 2F 0-1: Ball 1-1: Ball 2-1: SINGLE (Groundball, 3S) (infield hit) Jeff Jones to second
|
Batting: RHB Domingo Romero
|
0-0: Ball 1-0: Ball 2-0: Foul Ball, location: 2F 2-1: Foul Ball, location: 2F 2-2: Ball 3-2: Foul Ball, location: 2F 3-2: Grounds into double play, 6-4-3 (Groundball, 6) Jeff Jones to third
|
Batting: RHB Anthony Rucker
|
0-0: Ball 1-0: Fly out, F2 (Popup, 25)
|
Top of the 7th over - 1 run(s), 3 hit(s), 0 error(s), 1 left on base; St. Louis 9 - Austin 1 |
BOTTOM OF THE 7TH |
Austin River Sharks batting - Pitching for St. Louis Browns : RHP Aaron Palmer
|
Batting: LHB Harry Pitts
|
0-0: Called Strike 0-1: Ball 1-1: Foul Ball, location: 2F 1-2: Fly out, F8 (Flyball, 8LD)
|
Batting: RHB Manny Copriviza
|
0-0: Called Strike 0-1: Ball 1-1: Ball 2-1: Ball 3-1: Called Strike 3-2: Foul Ball, location: 2F 3-2: Strikes out swinging
|
Batting: LHB José Liñares
|
0-0: Fly out, F9 (Flyball, 89S)
|
Bottom of the 7th over - 0 run(s), 0 hit(s), 0 error(s), 0 left on base; St. Louis 9 - Austin 1 |
TOP OF THE 8TH |
St. Louis Browns batting - Pitching for Austin River Sharks : RHP William Bryan
|
Pitching: LHP António Bueno
|
|
Batting: LHB Dave Watson
|
0-0: Swinging Strike 0-1: Reached on error, E4 (Groundball, 4S)
|
Batting: LHB Bill Murphy
|
0-0: Called Strike 0-1: Ball 1-1: Ball 2-1: Fly out, F7 (Flyball, 7LD) Runner from 2nd tags up, SAFE at 3rd, no throw
|
Batting: LHB Clinton Clark
|
0-0: Fly out, F9 (Flyball, 9LDF) Runner from 3rd tags up, SCORES, no throw
|
Batting: LHB Bob Ware
|
0-0: Fly out, F8 (Flyball, 8LS)
|
Top of the 8th over - 1 run(s), 0 hit(s), 1 error(s), 0 left on base; St. Louis 10 - Austin 1 |
BOTTOM OF THE 8TH |
Austin River Sharks batting - Pitching for St. Louis Browns : RHP Aaron Palmer
|
Batting: RHB Eric Neal
|
0-0: Called Strike 0-1: Hit by Pitch
|
Batting: RHB Teddy Bates
|
0-0: Ball 1-0: Ball 2-0: Foul Ball, location: 2F 2-1: Swinging Strike 2-2: Strikes out looking
|
Batting: LHB Enrico Vargas
|
0-0: Called Strike 0-1: Ball 1-1: Foul Ball, location: 2F 1-2: Foul Ball, location: 2F 1-2: SINGLE (Groundball, 34S) (infield hit) Eric Neal to second
|
Pitching: RHP Beau Brown
|
|
Batting: RHB Richard Coker
|
0-0: Foul Ball, location: 2F 0-1: Called Strike 0-2: Ball Wild Pitch! Eric Neal to third Enrico Vargas to second 1-2: Strikes out swinging
|
Batting: LHB Greg Nelson
|
0-0: Called Strike 0-1: Ball 1-1: Ball 2-1: Called Strike 2-2: Ground out 4-3 (Groundball, 4)
|
Bottom of the 8th over - 0 run(s), 1 hit(s), 0 error(s), 2 left on base; St. Louis 10 - Austin 1 |
TOP OF THE 9TH |
St. Louis Browns batting - Pitching for Austin River Sharks : LHP António Bueno
|
Batting: LHB Mike Hill
|
0-0: Ball 1-0: Ball 2-0: Ball 3-0: Base on Balls
|
Batting: RHB Jeff Jones
|
0-0: Ball 1-0: Swinging Strike 1-1: Grounds into double play, 4-6-3 (Groundball, 4)
|
Batting: LHB Jorge Torres
|
0-0: Swinging Strike 0-1: Ground out 3-1 (Groundball, 34)
|
Top of the 9th over - 0 run(s), 0 hit(s), 0 error(s), 0 left on base; St. Louis 10 - Austin 1 |
BOTTOM OF THE 9TH |
Austin River Sharks batting - Pitching for St. Louis Browns : RHP Beau Brown
|
Batting: RHB Pedro Guzmán
|
0-0: Ball 1-0: Ball 2-0: Swinging Strike 2-1: Swinging Strike 2-2: Foul Ball, location: 2F 2-2: Strikes out swinging
|
Batting: LHB Harry Pitts
|
0-0: Swinging Strike 0-1: Called Strike 0-2: Ball 1-2: Strikes out swinging
|
Batting: RHB Manny Copriviza
|
0-0: Ball 1-0: Foul Ball, location: 2F 1-1: Ball 2-1: Ball 3-1: Foul Ball, location: 2F 3-2: Base on Balls
|
Batting: LHB José Liñares
|
0-0: Called Strike 0-1: Called Strike 0-2: Strikes out swinging
|
Bottom of the 9th over - 0 run(s), 0 hit(s), 0 error(s), 1 left on base; St. Louis 10 - Austin 1 |
|